 Dungeon Crawl Stone Soup version 0.19-a0-1166-g02d67b9 (webtiles) character file.

148202 PurpleRed the Severer (level 17, -2/142 HPs)
             Began as a Human Berserker on Aug 14, 2016.
             Was a High Priest of Trog.
             Killed by the raging water
             ... invoked by a water nymph
              (22 damage)
             ... on level 3 of the Shoals.
             The game lasted 02:24:31 (13818 turns).

PurpleRed the Severer (Human Berserker)            Turns: 13818, Time: 02:24:32

Health: -2/142     AC: 25    Str: 27    XL:     17   Next: 77%
Magic:  17/17      EV: 18    Int: 10    God:    Trog [*****.]
Gold:   716        SH:  0    Dex: 16    Spells: 0 memorised, 16 levels left

rFire  . . .     SeeInvis .     a - +4 battleaxe "Mompuosa" {venom, Str+5}
rCold  . . .     Gourm    .     W - +2 plate armour {rPois}
rNeg   . . .     Faith    .     (shield currently unavailable)
rPois  +         Spirit   .     (no helmet)
rElec  .         Dismiss  .     Y - +2 cloak {+Inv}
rCorr  .         Reflect  .     L - +2 pair of gloves {Dex+3}
MR     ++...     Harm     .     X - +2 pair of boots {run}
Stlth  ..........               z - amulet of regeneration
                                C - +3 ring of evasion
                                w - ring of protection from magic

@: lethally poisoned (-2 -> -2), quick
A: wild magic 1
a: Berserk, Trog's Hand, Brothers in Arms, Burn Spellbooks, Renounce Religion,
Evoke Invisibility
}: 1/15 runes: serpentine


You were on level 3 of the Shoals.
You worshipped Trog.
Trog was extremely pleased with you.
You were very hungry.

You visited 6 branches of the dungeon, and saw 31 of its levels.
You also visited: Bailey.

You collected 2541 gold pieces.
You spent 1825 gold pieces at shops.

Inventory:

Hand Weapons
 a - the +4 battleaxe "Mompuosa" (weapon) {venom, Str+5}
   (You bought it in a shop on level 6 of the Dungeon)

   It poisons the flesh of those it strikes.
   It affects your strength (+5).
 b - a +2 executioner's axe of flaming
 i - a +8 battleaxe of venom
Missiles
 K - 5 throwing nets (quivered)
Armour
 j - a +0 troll leather armour
 y - a +1 chain mail of fire resistance
 D - a +1 scale mail of cold resistance
 H - the +0 scale mail "Huenguq" {*Drain rC++ Regen+}
   (You found it on level 9 of the Dungeon)

   It greatly protects you from cold.
   It increases your rate of regeneration.
   It causes draining when unequipped.
 L - a +2 pair of gloves of dexterity (worn)
 W - a +2 plate armour of poison resistance (worn)
 X - a +2 pair of boots of running (worn)
 Y - a +2 cloak of invisibility (worn)
Jewellery
 d - an uncursed ring of fire
 t - a +5 amulet of reflection
 w - a ring of protection from magic (left hand)
 z - an amulet of regeneration (around neck)
 A - a +4 ring of strength
 C - a +3 ring of evasion (right hand)
 E - an uncursed ring of resist corrosion
 I - an uncursed ring of flight
Wands
 q - a wand of disintegration (6/24)
 v - a wand of lightning (4/15)
 N - a wand of teleportation (3/9)
 R - a wand of digging (11/24)
Scrolls
 f - 2 scrolls of magic mapping
 m - 5 scrolls of enchant weapon
 s - 6 scrolls of identify
 u - 3 scrolls of enchant armour
 B - 2 scrolls of teleportation
 U - a scroll of fog
 V - 2 scrolls of remove curse
Potions
 e - a potion of cure mutation
 g - 6 potions of curing
 h - 4 potions of flight
 l - 2 potions of heal wounds
 n - a potion of ambrosia
 p - 2 potions of might
 G - 2 potions of agility
 J - a potion of resistance
 M - 2 potions of haste
 T - 2 potions of invisibility
Books
 x - a book of Necromancy

   Spells                             Type                      Level
   a - Pain                           Necromancy                   1
   b - Animate Skeleton               Necromancy                   1
   c - Vampiric Draining              Necromancy                   3
   d - Regeneration                   Charms/Necromancy            3
   e - Animate Dead                   Necromancy                   4
   f - Control Undead                 Necromancy                   4
   Trog disapproves of the use of such an item.
 Q - a book of Misfortune

   Spells                             Type                      Level
   a - Confusing Touch                Hexes                        1
   b - Confuse                        Hexes                        3
   c - Gell's Gravitas                Hexes/Translocation          3
   d - Petrify                        Transmutation/Earth          4
   e - Metabolic Englaciation         Hexes/Ice                    5
   f - Yara's Violent Unravelling     Hexes/Transmutation          5
   Trog disapproves of the use of such an item.
 Z - a book of Maledictions

   Spells                             Type                      Level
   a - Corona                         Hexes                        1
   b - Ensorcelled Hibernation        Hexes/Ice                    2
   c - Confuse                        Hexes                        3
   d - Tukima's Dance                 Hexes                        3
   e - Dazzling Spray                 Conjuration/Hexes            3
   Trog disapproves of the use of such an item.
Miscellaneous
 F - a box of beasts
 O - a fan of gales
Comestibles
 c - 8 bread rations
 k - 6 meat rations
 r - a beef jerky
 S - 5 fruits


   Skills:
 + Level 15.2 Fighting
 * Level 20.4 Axes
 - Level 7.8 Armour
 + Level 12.9 Dodging


You had 16 spell levels left.
You didn't know any spells.

Dungeon Overview and Level Annotations

Branches:
Dungeon (15/15)            Temple (1/1) D:6            Lair (6/6) D:8
 Shoals (3/4) Lair:4        Snake (4/4) Lair:4        Slime (0/5) Lair:6
    Orc (2/2) D:11            Elf (0/3) Orc:2        Vaults (0/5) D:14
 Depths: D:15

Altars:
Ashenzari
Cheibriados
Dithmenos
Elyvilon
Fedhas
Gozag
Makhleb
Nemelex Xobeh
Okawaru
Ru
Sif Muna
Uskayaw
Vehumet
Xom
Yredelemnul
Zin
Beogh

Shops:
D:6 =**[   D:7 [!:!   Orc:2 [:*(   Shoals:2 =

Annotations:
D:9 Maurice
D:13 Frances
Snake:2 Louise


Innate Abilities, Weirdness & Mutations

Your spells are a little harder to cast, but a little more powerful.


Message History

You fall into the shallow water.
Moving in this stuff is going to be slow.
The merfolk throws a tomahawk.
The tomahawk hits you!
* * * LOW HITPOINT WARNING * * *
The water nymph misses you.
You see here a tomahawk.
Your ogre goes berserk!
You are feeling very hungry.
You feel sick.
Splash!
You fall into the shallow water.
Moving in this stuff is going to be slow.
The merfolk hits you but does no damage.
The water nymph gestures at you while chanting.
The water swirls and strikes you!
* * * LOW HITPOINT WARNING * * *
Your ogre rages.
The water nymph casts a spell at you. The water swirls and strikes you!
You die...

..............#≈≈(≈≈..#.....
.......†.....###≈≈≈≈........
.........≈.≈≈≈#≈≈≈≈≈....#
.........≈≈≈≈≈≈≈≈≈≈≈...## ..
....[..≈≈≈≈≈≈≈#≈≈≈≈≈....#....
....≈≈≈≈≈≈≈≈≈###≈≈≈≈.........
##.....≈≈≈≈≈≈≈#≈≈≈≈.≈m#......
≈≈≈≈≈≈≈≈≈≈≈≈≈≈≈≈≈≈#.≈###:....
≈..≈≈≈≈≈≈≈≈≈≈≈≈≈@###m≈#......
...≈≈≈≈≈≈≈≈≈≈≈≈≈.≈#≈≈.(......
≈....≈≈≈≈≈≈≈≈≈≈≈O≈mm...m.....
...<≈≈≈≈≈≈≈≈≈≈≈..≈.mm........
≈≈≈≈≈≈≈≈≈≈≈≈≈≈≈≈.............
≈≈≈≈≈≈≈≈≈≈≈≈≈≈≈≈≈............
≈≈≈≈≈≈≈≈≈≈≈≈≈≈≈≈≈≈≈..≈.[.....
≈≈≈≈≈≈≈≈≈≈≈≈≈≈≈≈≈≈≈≈≈≈≈≈)....
≈≈≈≈≈≈≈≈≈≈≈≈≈≈≈≈≈≈≈≈≈≈≈.....


You could see 3 merfolk, a water nymph and a friendly ogre (berserk).

Vanquished Creatures
  Mara (Snake:4)
  A kraken (Shoals:1)
  Kirke (Shoals:1)
  Polyphemus (Shoals:2)
  8 greater nagas
  2 orc warlords (Orc:1)
  The ghost of PurpleRed the Cleaver, a journeyman HuBe of Trog (Orc:2)
  A merfolk impaler (Shoals:1)
  3 hydras
  Harold (Lair:2)
  3 vault guards (D:14)
  The ghost of Lasiace the Basher, a novice OgHu of the Shining One (D:8)
  A centaur warrior (D:14)
  11 naga warriors
  A merfolk avatar (Shoals:3)
  A catoblepas (Shoals:2)
  7 anacondas
  9 death yaks
  3 orc high priests
  2 shock serpents
  9 naga sharpshooters
  2 salamander mystics
  An unseen horror (D:12)
  2 sea snakes (Shoals:3)
  4 naga ritualists
  Pikel (D:9)
  4 orc knights
  9 mana vipers
  4 hill giants
  2 griffons
  8 salamanders
  5 orc sorcerers
  2 ugly things (D:13)
  8 elephants
  2 cyclopes
  2 manticores (Shoals:2)
  14 black mambas
  20 naga magi
  3 guardian serpents
  6 spiny frogs
  A rime drake (Lair:2)
  A freezing wraith (D:13)
  2 komodo dragons
  2 kobold demonologists (D:11)
  3 merfolk (Shoals:1)
  2 polar bears
  4 trolls
  3 meliai (D:10)
  8 slime creatures
  A two-headed ogre (D:11)
  13 blink frogs
  2 snapping turtles (Shoals:1)
  A water elemental (Shoals:1)
  A wraith (D:11)
  4 wyverns
  4 spriggans (Lair:6)
  8 yaks
  A shadow (D:13)
  2 hogs (Shoals:1)
  3 basilisks (Lair:2)
  6 hippogriffs
  2 hungry ghosts
  A mottled dragon (D:14)
  3 wargs
  34 nagas
  7 water moccasins
  5 porcupines
  2 wasps (Lair:6)
  Purgy (D:4)
  3 black bears
  48 orc warriors
  3 ice beasts
  4 boggarts (Lair:5)
  A necrophage (D:7)
  A phantom (D:8)
  28 wolves
  12 ogres
  13 centaurs
  9 crocodiles
  4 big kobolds
  11 giant frogs
  A wyvern skeleton (D:6)
  5 scorpions
  10 killer bees
  8 wights
  3 howler monkeys
  5 crimson imps
  3 jellies
  3 quasits
  2 centaur zombies
  20 orc priests
  4 centaur skeletons
  5 hounds
  21 orc wizards
  9 worker ants
  5 iguanas
  3 sheep (D:14)
  A hound zombie (D:6)
  A hound skeleton (D:5)
  A worker ant zombie (D:10)
  11 gnolls
  7 adders
  16 river rats
  2 shadow imps
  An ooze (D:5)
  A worm (D:4)
  2 dart slugs
  2 giant geckos
  88 orcs
  2 ball pythons (D:4)
  4 giant cockroaches
  4 goblins
  3 hobgoblins
  7 jackals
  3 quokkas
  3 bats
  3 giant newts
  23 kobolds
  A quokka skeleton (D:5)
  4 rats
  2 fungi
  6 plants
  A tentacle (Shoals:1)
737 creatures vanquished.

Vanquished Creatures (collateral kills)
  A greater naga (Snake:4)
  Nessos (D:12)
  A vault guard (D:14)
  A centaur warrior (D:14)
  A naga sharpshooter (Snake:4)
  A shock serpent (Snake:4)
  A naga ritualist (Snake:4)
  2 orc knights
  A cyclops (Orc:2)
  2 black mambas (Snake:2)
  2 naga magi (Snake:4)
  A troll (D:12)
  3 merfolk (Shoals:1)
  A hippogriff (D:12)
  A naga (Snake:4)
  An ice beast (D:14)
  6 orc warriors
  A giant frog (D:14)
  A hound (D:14)
  2 orc wizards
  10 orcs
41 creatures vanquished.

Vanquished Creatures (others)
  A black mamba (Snake:4)
  A centaur (Shoals:1)
  2 fungi
  7 tentacles (Shoals:1)
11 creatures vanquished.

Grand Total: 789 creatures vanquished

Notes
Turn   | Place    | Note
-------+----------+-------------------------------------------
     0 | D:1      | PurpleRed the Human Berserker began the quest for the Orb.
     0 | D:1      | Reached XP level 1. HP: 18/18 MP: 1/1
   174 | D:2      | Reached XP level 2. HP: 20/24 MP: 2/2
   314 | D:3      | Found a shattered altar of Ashenzari.
   434 | D:3      | Reached XP level 3. HP: 29/29 MP: 3/3
   504 | D:3      | Reached skill level 4 in Axes
   563 | D:4      | Reached XP level 4. HP: 21/37 MP: 4/4
   570 | D:4      | Reached XP level 5. HP: 17/42 MP: 5/5
   644 | D:5      | Entered Level 5 of the Dungeon
   682 | D:4      | Noticed Purgy
   689 | D:4      | Killed Purgy
   689 | D:4      | Reached skill level 5 in Axes
   689 | D:4      | Reached XP level 6. HP: 43/49 MP: 6/6
   746 | D:4      | Reached ** piety under Trog
   904 | D:4      | Reached skill level 6 in Axes
   956 | D:4      | Found a snail-covered altar of Cheibriados.
   964 | D:4      | Found a blossoming altar of Fedhas.
   964 | D:4      | Found a shadowy altar of Dithmenos.
   983 | D:4      | Found a sacrificial altar of Ru.
   983 | D:4      | Found an opulent altar of Gozag.
  1236 | D:5      | Found a sparkling altar of Nemelex Xobeh.
  1251 | D:5      | Found an iron altar of Okawaru.
  1273 | D:5      | Reached XP level 7. HP: 45/55 MP: 7/7
  1384 | D:5      | Reached skill level 5 in Fighting
  1721 | D:6      | Found Fosek's Antique Armour Shop.
  1728 | D:6      | Bought a glowing chain mail for 135 gold pieces
  1804 | D:5      | Reached skill level 7 in Axes
  1910 | D:6      | Reached XP level 8. HP: 63/63 MP: 8/8
  1968 | D:6      | Found Qonlurr's Assorted Antiques.
  1973 | D:6      | Bought a scroll labeled DUTOAF FUW for 26 gold pieces
  1984 | D:6      | Found a staircase to the Ecumenical Temple.
  1987 | D:6      | Reached *** piety under Trog
  2002 | Temple   | Entered the Ecumenical Temple
  2080 | D:6      | Reached skill level 8 in Axes
  2133 | D:6      | Found a sparkling altar of Nemelex Xobeh.
  2204 | D:6      | Found Zatteg's Jewellery Shop.
  2206 | D:6      | Found Acrounuh's General Store.
  2373 | D:7      | Found Yriron's Distillery.
  2402 | D:7      | Found Pokef's Distillery.
  2403 | D:7      | Noticed a wyvern
  2414 | D:7      | Killed a wyvern
  2456 | D:7      | Reached XP level 9. HP: 70/70 MP: 9/9
  2508 | D:7      | Bought a potion of agility for 52 gold pieces
  2508 | D:7      | Bought a potion of heal wounds for 65 gold pieces
  2515 | D:7      | Found Tuomyes's Book Emporium.
  2534 | D:7      | Reached **** piety under Trog
  2534 | D:7      | Reached skill level 9 in Axes
  2632 | D:7      | Found Zukifreo's Antique Armour Shoppe.
  2767 | D:8      | Noticed Lasiace's ghost (novice OgHu)
  2813 | D:8      | Killed Lasiace's ghost
  2813 | D:8      | Reached skill level 10 in Axes
  2813 | D:8      | Reached skill level 5 in Armour
  2923 | D:8      | Reached XP level 10. HP: 53/79 MP: 10/10
  2927 | D:8      | Found a radiant altar of Vehumet.
  3020 | D:8      | Noticed an elephant
  3062 | D:8      | Killed an elephant
  3133 | D:8      | Found a staircase to the Lair.
  3165 | Lair:1   | Entered Level 1 of the Lair of Beasts
  3246 | D:9      | Reached skill level 11 in Axes
  3458 | D:9      | Noticed Pikel
  3472 | D:9      | Killed Pikel
  3530 | D:9      | Found a glowing silver altar of Zin.
  3683 | D:10     | Entered Level 10 of the Dungeon
  3733 | D:8      | Reached XP level 11. HP: 50/87 MP: 11/11
  3869 | D:8      | Reached skill level 12 in Axes
  3926 | D:9      | Got a heavily runed scale mail
  3943 | D:9      | Identified the +0 scale mail "Huenguq" {*Drain rC++ Regen+} (You found it on level 9 of the Dungeon)
  3952 | D:9      | Noticed Maurice
  4114 | D:10     | Reached ***** piety under Trog
  4313 | D:11     | Noticed a hill giant
  4332 | D:11     | Killed a hill giant
  4447 | D:11     | Noticed an orc knight
  4486 | D:11     | Killed an orc knight
  4540 | D:11     | Reached skill level 13 in Axes
  4570 | D:11     | Received a gift from Trog
  4589 | D:11     | Found a roughly hewn altar of Beogh.
  4594 | D:11     | Found a staircase to the Orcish Mines.
  4676 | D:11     | Found a flagged portal.
  4682 | D:11     | Found an iron altar of Okawaru.
  4696 | Bailey   | Entered a bailey
  4862 | Bailey   | Got an ebony spear
  4970 | D:11     | Reached XP level 12. HP: 61/97 MP: 12/12
  5098 | D:12     | Reached skill level 10 in Fighting
  5312 | D:14     | Noticed a centaur warrior
  5407 | D:13     | Noticed a seven-headed hydra
  5413 | D:13     | Killed a four-headed hydra
  5413 | D:13     | Reached skill level 14 in Axes
  5415 | D:13     | Received a gift from Trog
  5426 | D:13     | Reached skill level 5 in Dodging
  5490 | D:13     | Noticed Frances
  5497 | D:13     | Noticed a sixfirhy
  5575 | D:14     | Killed a centaur warrior
  5648 | D:14     | Found a gate to the Vaults.
  5648 | D:14     | Noticed a vault guard
  5648 | D:14     | Noticed a vault guard
  5648 | D:14     | Noticed a vault guard
  5648 | D:14     | Noticed a vault guard
  5648 | D:14     | Noticed a centaur warrior
  5657 | D:14     | Killed a vault guard
  5658 | D:14     | Killed a vault guard
  5658 | D:14     | Reached XP level 13. HP: 50/105 MP: 13/13
  5660 | D:14     | Killed a vault guard
  5670 | D:14     | Killed a vault guard
  5670 | D:14     | HP: 4/106 [centaur warrior/arrow (4)]
  5672 | D:14     | Killed a centaur warrior
  5726 | D:14     | Reached skill level 15 in Axes
  5779 | D:15     | Entered Level 15 of the Dungeon
  5792 | D:14     | Noticed a fire dragon
  5957 | D:12     | Found a deep blue altar of Sif Muna.
  5972 | D:12     | Noticed Nessos
  5982 | D:12     | Killed Nessos
  6114 | Orc:1    | Entered Level 1 of the Orcish Mines
  6120 | Orc:1    | Noticed an orc warlord
  6211 | Orc:1    | Killed an orc warlord
  6432 | Orc:1    | Found a roughly hewn altar of Beogh.
  6479 | Orc:2    | Entered Level 2 of the Orcish Mines
  6479 | Orc:2    | Found Nackysol's General Store.
  6579 | Orc:2    | Bought a scroll of fog for 30 gold pieces
  6678 | Orc:2    | Found Qeonudep's Antique Weapon Emporium.
  6793 | Orc:2    | Noticed an orc warlord
  6987 | Orc:2    | Reached skill level 16 in Axes
  7007 | Orc:2    | Found a staircase to the Elven Halls.
  7023 | Orc:2    | Noticed PurpleRed's ghost (journeyman HuBe)
  7024 | Orc:2    | Reached XP level 14. HP: 86/114 MP: 14/14
  7078 | Orc:2    | Found Iveariacs's Antique Armour Shoppe.
  7099 | Orc:2    | Bought a pair of glowing boots for 135 gold pieces
  7099 | Orc:2    | Bought an embroidered cloak for 135 gold pieces
  7109 | Orc:2    | Identified a +1 pair of boots of running (You bought it in a shop on level 2 of the Orcish Mines)
  7132 | Orc:2    | Found Imuycoid's Book Shop.
  7174 | Orc:2    | Killed PurpleRed's ghost
  7349 | Orc:1    | Noticed an orc warlord
  7382 | Orc:1    | Killed an orc warlord
  7566 | Orc:1    | Found a roughly hewn altar of Beogh.
  7729 | Orc:1    | Noticed a stone giant
  7913 | D:7      | Bought a pair of runed gloves for 126 gold pieces
  7959 | D:6      | Bought a scroll of magic mapping for 91 gold pieces
  7959 | D:6      | Bought a brightly glowing battleaxe for 299 gold pieces
  7959 | D:6      | Bought a scroll of magic mapping for 91 gold pieces
  7959 | D:6      | Identified the +4 battleaxe "Mompuosa" {venom, Str+5} (You bought it in a shop on level 6 of the Dungeon)
  8021 | D:7      | Bought a potion of haste for 130 gold pieces
  8021 | D:7      | Bought 2 potions of heal wounds for 130 gold pieces
  8032 | D:7      | Identified the cursed +0 spear of Pakellas's Supremacy {venom, rN+ Str+3 Stlth-} (You found it in a bailey)
  8644 | Lair:6   | Entered Level 6 of the Lair of Beasts
  8762 | Lair:6   | Reached skill level 17 in Axes
  9018 | Lair:3   | Received a gift from Trog
  9030 | Lair:3   | Gained mutation: Your spells are a little harder to cast, but a little more powerful. [potion of beneficial mutation]
  9051 | Lair:3   | Reached XP level 15. HP: 122/122 MP: 5/15
  9402 | Lair:4   | Found a staircase to the Shoals.
  9688 | Lair:2   | Noticed Harold
  9695 | Lair:2   | Killed Harold
  9999 | Lair:2   | Reached skill level 10 in Dodging
 10001 | Lair:2   | Reached ****** piety under Trog
 11085 | Lair:4   | Found a staircase to the Snake Pit.
 11091 | Snake:1  | Entered Level 1 of the Snake Pit
 11239 | Snake:2  | Reached skill level 18 in Axes
 11403 | Snake:3  | Received a gift from Trog
 11604 | Snake:3  | Reached XP level 16. HP: 85/132 MP: 16/16
 11772 | Snake:4  | Entered Level 4 of the Snake Pit
 11928 | Snake:4  | Noticed Mara
 12001 | Snake:4  | Noticed a greater naga
 12031 | Snake:4  | Killed a greater naga
 12070 | Snake:4  | Noticed a greater naga
 12081 | Snake:4  | Killed a greater naga
 12100 | Snake:4  | Noticed a greater naga
 12117 | Snake:4  | Killed a greater naga
 12117 | Snake:4  | Received a gift from Trog
 12117 | Snake:4  | Reached skill level 19 in Axes
 12179 | Snake:4  | Noticed a greater naga
 12203 | Snake:4  | Killed a greater naga
 12487 | Snake:4  | Noticed a greater naga
 12495 | Snake:4  | Noticed a greater naga
 12495 | Snake:4  | HP: 6/134 [greater naga/poison arrow (13)]
 12497 | Snake:4  | Noticed a greater naga
 12504 | Snake:4  | Noticed a greater naga
 12634 | Snake:4  | Killed a greater naga
 12719 | Snake:4  | Killed Mara
 12719 | Snake:4  | Reached XP level 17. HP: 140/140 MP: 5/17
 12855 | Snake:4  | Received a gift from Trog
 12982 | Snake:4  | Got a serpentine rune of Zot
 13063 | Snake:2  | Noticed Louise
 13075 | Snake:2  | Reached skill level 20 in Axes
 13100 | Snake:2  | Reached skill level 15 in Fighting
 13211 | Shoals:1 | Entered Level 1 of the Shoals
 13243 | Shoals:1 | Noticed Kirke
 13286 | Shoals:1 | Killed Kirke
 13392 | Shoals:1 | Noticed a kraken
 13401 | Shoals:1 | Killed a kraken
 13549 | Shoals:1 | Noticed a kraken
 13615 | Shoals:2 | Found Honibat's Jewellery Boutique.
 13644 | Shoals:2 | Bought an uncursed ring of resist corrosion for 380 gold pieces
 13665 | Shoals:2 | Noticed Polyphemus
 13705 | Shoals:2 | Killed Polyphemus
 13818 | Shoals:3 | Killed from afar by a water nymph

Vault maps used:
D:1:      evilmike_arrival_plus, minmay_shallow_snake_nest
D:2:      glass_columns_b
D:3:      lemuel_round_altar, lemuel_round_altar, lemuel_doored_altar,
          serial_co_window_serial, co_window_paths_a, co_window_paths_a,
          co_window_paths_b, co_window_paths_a, co_window_corner_a,
          co_window_paths_a, co_window_corner_a, co_window_unsneaky_path_b,
          co_window_broadway_a, co_window_2corner, co_window_corner_ca,
          co_window_4corner_a, glass_columns_a, glass_columns_c,
          okawaru_ov_weapons_minmay
D:4:      minmay_overflow_temple_star_hex, first_bread, serial_bayou_lake_a,
          uniq_purgy
D:5:      overflow_temple_1_default, overflow_temple_1_default,
          minmay_misc_feat_nine_boxes
D:6:      serial_shops, kennysheep_mini, shop, shop, shop,
          nemelex_xobeh_ov_fountains_minmay
D:7:      serial_shops, nicolae_shop_waterfront, shop, nicolae_shop_waterfront,
          nicolae_shop_stone, nicolae_shop_crystal
D:8:      fiery_altar_vehumet, david_lair_generic, grunt_ministairs_13
D:9:      zin_scriptorium, uniq_maurice, uniq_pikel
D:11:     david_orc_5, enter_bailey_2, basic_altar, grunt_tengu_nest
D:12:     hangedman_feature_mirror, uniq_nessos
D:13:     enter_trove_0, uniq_frances
D:14:     lightli_vaults_fourway_checkpoint
D:15:     hangedman_depths_entry_try_elsewhere_first, serial_glass,
          glass_columns_b, glass_columns_c, glass_columns_b, glass_columns_a,
          glass_columns_c, glass_columns_a, glass_columns_a, glass_columns_a,
          hangedman_abyss_or_decor_lesser_grid, fountainhead, grunt_tough_drop
Temple:   jpeg_temple_alley_garden
Lair:1:   hangedman_lair_generics_rect
Lair:2:   grunt_megastairs_1, uniq_harold
Lair:4:   minmay_shoals_entry_centaurs, dummy_snake_entry, minmay_holes
Lair:5:   kilobyte_rumbling_trees, serial_bayou_shore_a
Lair:6:   minmay_lair_end_enchanted_forest, slime_altar_1, minivault_23,
          nicolae_lair_yak_garden
Shoals:1: uniq_kirke
Shoals:2: serial_shops, nicolae_shop_competitors_out_of_business,
          uniq_polyphemus
Shoals:3: nicolae_shoals_seven_spires
Snake:2:  serial_shops, shop, uniq_vashnia, uniq_aizul, uniq_louise
Snake:4:  snake_pit, nicolae_snake_serpentine_hallways, st_stairs_5, uniq_mara
Orc:1:    orc_temple, lemuel_statue_altar
Orc:2:    grunt_orc_gardens, grunt_orc_garden, grunt_orc_garden,
          grunt_orc_garden, grunt_orc_garden
Bailey:   bailey_axe_4, bailey

Skill      XL: |  1  2  3  4  5  6  7  8  9 10 11 12 13 14 15 16 17 |
---------------+----------------------------------------------------+-----
Axes           | 4 5 6 7 8 10 11 13 14 16 17 18 19 20 | 20.4
Fighting       | 4 5 6 7 8 9 10 11 12 13 14 15 | 15.2
Armour         | 4 5 7 |  7.8
Dodging        | 3 6 8 9 10 12 | 12.9

Action                   |  1- 3 |  4- 6 |  7- 9 | 10-12 | 13-15 | 16-18 || total
-------------------------+-------+-------+-------+-------+-------+-------++-------
Melee: Hand axe          |    60 |    80 |   250 |    53 |       |       ||   443
       War axe           |       |       |       |   308 |       |       ||   308
       Battleaxe         |       |       |       |   184 |   792 |   434 ||  1410
       Executioner's axe |       |       |       |       |    17 |       ||    17
 Fire: Blowgun           |       |       |       |     2 |       |       ||     2
Invok: Berserk           |     5 |     5 |     8 |    13 |    14 |    13 ||    58
       Trog's Hand       |       |     1 |       |     3 |     8 |    11 ||    23
       Brothers in Arms  |       |       |       |     1 |    11 |     6 ||    18
       Burn Spellbooks   |       |       |       |       |     3 |       ||     3
 Abil: Evoke Flight      |       |       |       |       |     1 |     1 ||     2
Evoke: Box of beasts     |       |       |       |       |     1 |       ||     1
       Wand              |       |       |       |       |       |     5 ||     5
  Use: Scroll            |       |     8 |     4 |    13 |    11 |    11 ||    47
       Potion            |       |       |       |     1 |     6 |     7 ||    14
  Eat: Chunk             |     3 |     9 |    14 |    25 |    31 |    11 ||    93
       Royal jelly       |       |       |       |     1 |     1 |       ||     2
       Fruit             |       |       |       |     3 |       |     3 ||     6
       Beef jerky        |       |       |       |       |     1 |     3 ||     4
       Bread ration      |       |       |       |       |     1 |     2 ||     3
       Pizza             |       |       |       |       |     2 |     1 ||     3
Armor: Animal skin       |    12 |       |       |       |       |       ||    12
       Leather armour    |     2 |       |       |       |       |       ||     2
       Ring mail         |     3 |    25 |    16 |       |       |       ||    44
       Chain mail        |       |       |   115 |    85 |       |       ||   200
       Scale mail        |       |       |       |   126 |    97 |       ||   223
       Plate armour      |       |       |       |       |   291 |   252 ||   543
Dodge: Dodged            |    46 |    44 |   113 |   313 |   731 |   368 ||  1615
